 Dungeon Crawl Stone Soup version 0.25-a0-1007-g10a8c3caa8 (webtiles) character file.

Game seed: 15274820765100121022, levelgen mode: deterministic

371 Hasart the Chiller (level 6, -4/32 HPs)
             Began as a Deep Elf Ice Elementalist on May 11, 2020.
             Killed by divine providence
             ... invoked by an orc priest
              (7 damage)
             ... on level 4 of the Dungeon.
             The game lasted 00:06:05 (3619 turns).

Hasart the Chiller (Deep Elf Ice Elementalist)      Turns: 3619, Time: 00:06:06

Health: -4/32      AC:  2    Str:  5    XL:     6   Next: 42%
Magic:  0/15       EV: 14    Int: 22    God:
Gold:   103        SH:  0    Dex: 15    Spells: 11/15 levels left

rFire    . . .     SeeInvis .   q - +2 whip (freeze)
rCold    . . .     Gourm    .   (no shield)
rNeg     . . .     Faith    .   a - +0 robe
rPois    .         Spirit   +   (no helmet)
rElec    .         Reflect  .   (no cloak)
rCorr    .         Harm     .   (no gloves)
MR       .....                  (no boots)
Stlth    ++........             g - amulet of guardian spirit
HPRegen  0.10/turn              (no ring)
MPRegen  0.14/turn              (no ring)

@: frozen ramparts
A: no striking features
a: no special abilities


You were on level 4 of the Dungeon.
You were not hungry.

You visited 1 branch of the dungeon, and saw 4 of its levels.

You collected 103 gold pieces.

Inventory:

Hand Weapons
 q - a +2 whip of freezing (weapon)
Missiles
 h - 5 curare-tipped darts (quivered)
Armour
 a - a +0 robe (worn)
Jewellery
 g - an amulet of guardian spirit (around neck)
 m - a +5 amulet of reflection
Wands
 k - a wand of disintegration (19)
Scrolls
 b - a scroll of blinking {unknown}
 d - 2 scrolls of magic mapping {unknown}
 e - 5 scrolls of teleportation {unknown}
 j - 2 scrolls of amnesia {unknown}
 l - a scroll of enchant weapon {unknown}
 n - a scroll of identify {unknown}
 p - a scroll of remove curse
Potions
 f - a potion of cancellation {unknown}
 o - 2 potions of flight {unknown}
Comestibles
 c - 8 rations
 i - 3 chunks of flesh


   Skills:
 + Level 2.0 Throwing
 + Level 4.4 Dodging
 - Level 2.4 Stealth
 + Level 5.0 Spellcasting
 * Level 6.5 Ice Magic


You had 11 spell levels left.
You knew the following spells:

 Your Spells              Type           Power        Failure   Level  Hunger
a - Freeze                Ice            ####         1%          1    None
b - Frozen Ramparts       Ice            ####..       1%          3    ##.....

Your spell library contained the following spells:

 Spells                   Type           Power        Failure   Level  Hunger
 Ozocubu's Armour         Chrm/Ice       ###.....     8%          3    ##.....
 Hailstorm                Conj/Ice       ###.....     26%         4    ####...
 Summon Ice Beast         Ice/Summ       ###.....     26%         4    ####...


Dungeon Overview and Level Annotations

Branches:
Dungeon (4/15)
 Temple: D:4-7

Altars:
Kikubaaqudgha
Okawaru
Zin

Annotations:
D:3 3 runed translucent doors, p0werm0de's ghost, amateur DDFi


Message History

Confirm with . or Enter, or press ? or * to list all spells.
The walls around you are covered in ice.
The orc priest invokes the aid of Beogh against you.
Beogh smites you!
The wall freezes the orc.
The wall freezes the orc!
The orc barely misses you.
The wall freezes the orc.
You kill the orc!
The wall freezes the orc.
You kill the orc!
The wall freezes the orc.
You kill the orc!
There is an open door here.
The wall freezes the orc priest.
The orc priest invokes the aid of Beogh against you.
Beogh smites you!
* * * LOW HITPOINT WARNING * * *
The wall freezes the orc priest.
The wall freezes the orc priest.
The orc priest invokes the aid of Beogh against you.
Beogh smites you!
You die...

......##.#.#)##+##
......##)#.#)...#
........)#.#[####
........>#.#o#
....##...#.#'#######
<#. #...#.........#
##...#.........#
#....).).......#
#...<@..........
#..............#
#..............#
#..............#
##'#...........#
...#...#.#+##+##
####.#.#.# #.#...#


You could see an orc priest.

Vanquished Creatures
  A gnoll sergeant (D:4)
  A bullfrog skeleton (D:4)
  Ijyb (D:3)
  A worker ant (D:4)
  8 gnolls
  6 adders
  4 worms
  A dart slug (D:2)
  3 leopard geckos
  9 orcs
  4 giant cockroaches
  9 goblins
  8 hobgoblins
  2 jackals (D:1)
  A quokka (D:2)
  A ball python (D:2)
  6 bats
  3 frilled lizards (D:1)
  A jackal skeleton (D:4)
  10 kobolds
  6 rats
86 creatures vanquished.

Notes
Turn   | Place    | Note
-------+----------+-------------------------------------------
     0 | D:1      | Hasart the Deep Elf Ice Elementalist began the quest for
                  | the Orb.
     0 | D:1      | Reached XP level 1. HP: 10/10 MP: 6/6
   215 | D:1      | Reached XP level 2. HP: 15/15 MP: 6/8
   727 | D:1      | Reached skill level 5 in Ice Magic
  1105 | D:1      | Reached XP level 3. HP: 19/19 MP: 8/10
  1264 | D:2      | Learned a level 3 spell: Frozen Ramparts
  1950 | D:2      | Reached XP level 4. HP: 20/24 MP: 8/11
  2390 | D:3      | Noticed Ijyb
  2412 | D:3      | Killed Ijyb
  2645 | D:3      | Reached XP level 5. HP: 27/28 MP: 7/13
  2654 | D:3      | Reached skill level 1 in Throwing
  2774 | D:3      | Reached skill level 6 in Ice Magic
  3185 | D:3      | Noticed p0werm0de's ghost (amateur DDFi)
  3299 | D:3      | Found a runed translucent gate.
  3299 | D:3      | Found a runed translucent gate.
  3299 | D:3      | Found a runed translucent gate.
  3361 | D:4      | Reached XP level 6. HP: 28/32 MP: 7/15
  3593 | D:4      | Found an iron altar of Okawaru.
  3593 | D:4      | Found a glowing silver altar of Zin.
  3597 | D:4      | Found an ancient bone altar of Kikubaaqudgha.
  3601 | D:4      | Reached skill level 5 in Spellcasting
  3619 | D:4      | Killed from afar by an orc priest

Illustrated notes

Levels and vault maps discovered:
D:1:      dpeg_arrival_arbitrary_c, layout_basic
D:2:      layout_loops_cross, serial_glass, glass_columns_b, glass_columns_a,
          glass_columns_a, glass_columns_a, glass_columns_b, glass_columns_b,
          glass_columns_a, glass_columns_b, glass_columns_b, glass_columns_a,
          glass_columns_b, glass_columns_c, glass_columns_a, glass_columns_b,
          first_ration, hex_medium
D:3:      layout_rooms, gammafunk_ghost_icy, uniq_ijyb
D:4:      layout_basic, nemelex_xobeh_ov_fountains_minmay,
          nicolae_dithmenos_shadow_blocks, grunt_temple_overflow_open,
          serial_shops, nicolae_shop_window_shopping

Skill      XL: |  1  2  3  4  5  6 |
---------------+-------------------+-----
Ice Magic      | 5 6 |  6.5
Dodging        | 3 4 |  4.4
Spellcasting   | 4 5 |  5.0
Throwing       | 1 2 |  2.0
Stealth        | |  2.4

Action                   |  1- 3 |  4- 6 || total
-------------------------+-------+-------++-------
Melee: Mace              |     9 |     2 ||    11
       Whip              |       |    13 ||    13
 Cast: Freeze            |    55 |    39 ||    94
       Frozen Ramparts   |     1 |    13 ||    14
  Use: Scroll            |     3 |       ||     3
 Stab: Sleeping          |     3 |       ||     3
  Eat: Chunk             |     3 |     6 ||     9
Armor: Robe              |    12 |     3 ||    15
Dodge: Dodged            |    40 |    35 ||    75

Table legend:
 A = Non-vault XP
 B = Vault XP
 C = Vault XP percentage of total XP
 D = Non-vault monster count
 E = Vault monster count
 F = Vault count percentage of total count
                 A         B        C        D         E       F
            +---------+---------+-------+---------+---------+-------
      Total |     494 |      36 |   6.8 |      85 |       1 |   1.2
            +---------+---------+-------+---------+---------+-------
        D:1 |      42 |       0 |   0.0 |      28 |       0 |   0.0
        D:2 |      59 |       0 |   0.0 |      17 |       0 |   0.0
        D:3 |     158 |      36 |  18.6 |      28 |       1 |   3.4
        D:4 |     235 |       0 |   0.0 |      12 |       0 |   0.0
            +---------+---------+-------+---------+---------+-------
